 Dungeon Crawl Stone Soup version 0.14-a0-629-g748cab2 (webtiles) character file.

21 Malachi the Insei (level 2, -1/18 HPs)
             Began as an Octopode Transmuter on Nov 5, 2013.
             Slain by a jackal (2 damage)
             ... on Level 2 of the Dungeon.
             The game lasted 00:01:12 (943 turns).

Malachi the Insei (Octopode Transmuter)              Turns: 943, Time: 00:01:12

HP  -1/18        AC  1     Str  9      XL: 2   Next: 83%
MP   2/3         EV 12     Int 15      God:
Gold 0           SH  0     Dex 12      Spells:  1 memorised,  4 levels left

Res.Fire  : + . .   See Invis. : .     - Unarmed
Res.Cold  : x . .   Warding    : .   (no shield)
Life Prot.: . . .   Conserve   : .   (helmet restricted)
Res.Poison: .       Res.Corr.  : .   (no amulet)
Res.Elec. : .       Clarity    : .   (no ring)
Sust.Abil.: . .     Spirit.Shd : .   e - ring of fire
Res.Mut.  : .       Stasis     : .   (no ring)
Res.Rott. : .       Flight     : .   (no ring)
Saprovore : . . .                    (no ring)
                                     (no ring)
                                     (no ring)
                                     (no ring)

@: appendage (expiring), not resistant to hostile enchantments, fairly stealthy
A: almost no armour, amphibious, 8 rings, constrict 8, spike 3, camouflage 1, AC
+1
a: End Transformation


You were on level 2 of the Dungeon.
You were not hungry.
One of your tentacles had a temporary spike.
You visited 1 branch of the dungeon, and saw 2 of its levels.

Inventory:

Missiles
 b - 12 arrows
Comestibles
 a - a bread ration
 g - a rambutan
Scrolls
 j - a scroll of teleportation {unknown}
Jewellery
 e - a ring of fire (right tentacle)
Potions
 c - a potion of heal wounds {unknown}
 h - a potion of curing {unknown}
 i - a potion of speed {unknown}
Books
 d - a book of Changes

   Spells                             Type                      Level
   *Beastly Appendage                 Transmutation                1
   Sticks to Snakes                   Transmutation                2
   Spider Form                        Transmutation/Poison         3
   Ice Form                           Ice/Transmutation            4
   Blade Hands                        Transmutation                5


   Skills:
 + Level 1.1 Fighting
 + Level 2.3 Dodging
 * Level 3.7 Unarmed Combat
 - Level 2.0 Spellcasting
 + Level 2.0 Transmutations


You had 4 spell levels left.
You knew the following spells:

 Your Spells              Type           Power        Failure   Level  Hunger
a - Beastly Appendage     Trmt           #.....       12%         1    #......


Dungeon Overview and Level Annotations

Branches:
Dungeon (2/27)

Altars:


Innate Abilities, Weirdness & Mutations

You cannot wear most types of armour.
You are amphibious.
You can wear up to eight rings at the same time.
You can use your tentacles to constrict many enemies at once.
Your skin changes colour to match your surroundings (Stlth).
Your rubbery body absorbs attacks (AC +1).
One of your tentacles bears a large vicious spike.


Message History

You closely miss the jackal. Your grab misses the jackal.
You pierce the jackal, but do no damage.
The jackal is moderately wounded.
The jackal barely misses you.
You completely miss the jackal. Your grab misses the jackal.
Your tentacle-slap misses the jackal.
The jackal is moderately wounded.
The jackal bites you.
* * * LOW HITPOINT WARNING * * *
The jackal bites you.
* * * LOW HITPOINT WARNING * * *
You hit the jackal but do no damage. You grab the jackal.
The jackal is moderately wounded.
You constrict the jackal, but do no damage.
The jackal bites you.
* * * LOW HITPOINT WARNING * * *
You barely miss the jackal. You squeeze the jackal.
The jackal is heavily wounded.
You constrict the jackal. The jackal bites you.
You die...

#............
#..>........# .
#...%.......#
#..#...........#
#......<.?....#
###.$.........#
#...........#
#####h#######
#@.# ##.# +#


You could see a jackal.

Vanquished Creatures
  2 hobgoblins (D:1)
  3 jackals (D:2)
  3 kobolds (D:1)
  2 ball pythons (D:1)
  2 bats (D:1)
  3 giant cockroaches
  A giant newt (D:1)
  A goblin (D:1)
  A quokka (D:2)
  3 rats (D:1)
21 creatures vanquished.

Vanquished Creatures (others)
  Jessica (D:2)
1 creature vanquished.

Grand Total: 22 creatures vanquished

Notes
Turn   | Place    | Note
--------------------------------------------------------------
     0 | D:1      | Malachi, the Octopode Transmuter, began the quest for the Orb.
     0 | D:1      | Reached XP level 1. HP: 13/13 MP: 1/1
   322 | D:1      | Reached XP level 2. HP: 15/18 MP: 3/3
   934 | D:2      | Killed Jessica
   943 | D:2      | Slain by a jackal

Action                   || total
-------------------------++-------
Melee: Unarmed           ||    59
 Cast: Beastly Appendage ||     1
  Use: Scroll            ||     2
 Stab: Sleeping          ||     1
